 Dungeon Crawl Stone Soup version 0.22-a0-538-g76cc104 (webtiles) character file.

11506 iamserjio the Thaumaturge (level 11, -4/129 HPs)
             Began as a Gnoll Skald on June 22, 2018.
             Was an Elder of Cheibriados.
             Slain by a swamp worm (12 damage)
             ... on level 1 of the Swamp on June 23, 2018.
             The game lasted 00:52:50 (3134 turns).

iamserjio the Thaumaturge (Gnoll Skald)             Turns: 3134, Time: 00:52:51

Health: -4/129     AC: 25    Str: 23    XL:     11   Next: 78%
Magic:  2/23       EV:  2    Int: 28    God:    Cheibriados [****..]
Gold:   424        SH:  0    Dex: 23    Spells: 9/26 levels left

rFire    . . .     SeeInvis .   H - +4 war axe (elec)
rCold    . . .     Gourm    .   (no shield)
rNeg     + + +     Faith    .   (armour currently unavailable)
rPois    +         Spirit   .   (helmet currently unavailable)
rElec    .         Reflect  .   (cloak currently unavailable)
rCorr    .         Harm     .   (gloves currently unavailable)
MR       .....     NoTele   +   (boots currently unavailable)
Stlth    ++++......             J - amulet of regeneration
HPRegen  1.71/turn              (no ring)
MPRegen  0.18/turn              (no ring)

@: tree-form, regenerating, very slow
A: distributed training, strong nose
a: Bend Time, Temporal Distortion, Slouch, Renounce Religion


You were on level 1 of the Swamp.
You worshipped Cheibriados.
Cheibriados was greatly pleased with you.
You were not hungry.
You were a tree.
You visited 3 branches of the dungeon, and saw 14 of its levels.
You also visited: Ossuary.

You collected 424 gold pieces.

Inventory:

Hand Weapons
 j - a +0 great sword
 r - a +2 mace of holy wrath
 H - a +4 war axe of electrocution (weapon)
 L - a -3 war axe
 O - the +2 flail of Atecil {pain, +Fly rC+}
   (You found it on level 1 of the Lair of Beasts)

   In the hands of one skilled in necromantic magic, it inflicts extra damage on
   living creatures.
   It protects you from cold.
   It lets you fly.
Missiles
 q - 100 stones (quivered)
 G - a throwing net {!f}
 N - 3 javelins
Armour
 c - a +1 hat
 I - a +0 chain mail (melded)
 K - a scarf of cloud immunity (melded)
 M - a +1 helmet of see invisible (melded)
Magical Staves
 p - an uncursed staff of death {unknown}
Jewellery
 J - an amulet of regeneration (around neck)
Wands
 x - a wand of flame (32)
 y - a wand of enslavement (5)
Scrolls
 i - 5 scrolls of remove curse {@r2}
 w - a scroll of amnesia {unknown}
 A - 2 scrolls of enchant armour {unknown}
 C - a scroll of blinking
 D - a scroll of fog
 E - 3 scrolls of teleportation
 F - a scroll of magic mapping
 P - a scroll of torment {unknown}
Potions
 f - a potion of magic
 g - 2 potions of flight
 l - 3 potions of curing {@q1}
 m - a potion of brilliance
 n - a potion of might {unknown}
 o - 3 potions of ambrosia
 s - 3 potions of degeneration {unknown}
 u - a potion of lignification
Comestibles
 d - 20 rations


   Skills:
 + Level 8.0 Fighting
 + Level 6.5 Short Blades
 + Level 6.5 Long Blades
 + Level 8.0 Axes
 + Level 6.5 Maces & Flails
 + Level 6.5 Polearms
 + Level 6.5 Staves
 + Level 6.5 Slings
 + Level 6.5 Bows
 + Level 6.5 Crossbows
 + Level 6.5 Throwing
 + Level 7.0 Armour
 + Level 8.0 Dodging
 + Level 6.5 Stealth
 + Level 6.5 Shields
 + Level 6.5 Unarmed Combat
 + Level 8.3 Spellcasting
 + Level 5.4 Conjurations
 + Level 5.4 Hexes
 + Level 7.8 Charms
 + Level 5.4 Summonings
 + Level 5.4 Necromancy
 + Level 5.4 Translocations
 + Level 5.4 Transmutations
 + Level 5.4 Fire Magic
 + Level 5.4 Ice Magic
 + Level 5.4 Air Magic
 + Level 5.4 Earth Magic
 + Level 5.4 Poison Magic
 + Level 7.1 Invocations
 + Level 6.5 Evocations


You had 9 spell levels left.
You knew the following spells:

 Your Spells              Type           Power        Failure   Level  Hunger
a - Infusion              Chrm           ####         1%          1    None
b - Shroud of Golubria    Chrm/Tloc      #####.....   1%          2    None
c - Regeneration          Chrm/Necr      #####.....   1%          3    None
d - Song of Slaying       Chrm           ######..     1%          2    None
e - Spectral Weapon       Hex/Chrm       #####...     1%          3    None
f - Confuse               Hex            #####...     1%          3    None
g - Gell's Gravitas       Tloc           #####.....   1%          3    None

Your spell library contained the following spells:

 Spells                   Type           Power        Failure   Level  Hunger
 Stone Arrow              Conj/Erth      #####.       1%          3    None
 Confusing Touch          Hex            #####.       1%          1    None
 Passwall                 Tmut/Erth      #####...     1%          2    None
 Metabolic Englaciation   Hex/Ice        #####.....   14%         5    ####...
 Lee's Rapid Deconstruct  Erth           #####.....   14%         5    ####...
 Sandblast                Erth           #####.       1%          1    None
 Petrify                  Tmut/Erth      #####...     5%          4    #......
 Yara's Violent Unravell  Hex/Tmut       #####.....   14%         5    ####...


Dungeon Overview and Level Annotations

Branches:
Dungeon (11/15)            Temple (0/1) D:6            Lair (2/6) D:11
  Swamp (1/4) Lair:2
  Snake: Lair:2-4    Spider: Lair:2-4       Orc: D:9-12

Altars:
Cheibriados
Gozag
Nemelex Xobeh
Okawaru

Shops:
D:5 [


Innate Abilities, Weirdness & Mutations

Your experience applies equally to all skills.
((You have very sharp teeth.))
Your uncanny sense of smell can sniff out nearby items.


Message History

Press: ? - help, Shift-Dir - straight line, f - tyrant leech, p - swamp worm
Aim: a tyrant leech (moderately wounded, chance to defeat MR: 50%)
The tyrant leech appears confused.
Your swamp worm closely misses the tyrant leech.
Your swamp worm throws harpoon shot at the tyrant leech.
The harpoon shot hits the tyrant leech.
What are your orders? t - Creak!
Orders for allies: a - Attack new target. p - Attack previous target. r - Retreat! s - Stop attacking. g - Guard the area. f - Follow me.
Anything else - Cancel.
Gang up on whom?
Press: ? - help, Dir - move target cursor, f/p - tyrant leech
Aim: a tyrant leech (heavily wounded, confused) Attack!
The swamp worm is no longer charmed.
Casting: Confuse (safe; 1% risk of failure)
Confirm with . or Enter, or press ? or * to list all spells.
You draw out your weapon's spirit!
The swamp worm bites you!
You die...

♣♣$.≈≈≈≈§≈≈≈≈≈♣ ≈≈≈.
♣♣..≈≈≈≈≈≈≈≈≈≈.♣ ♣≈≈≈≈
♣♣♣♣≈..≈≈≈≈≈≈.♣♣♣♣♣
♣.≈≈≈ ♣♣§....§..≈≈≈?.♣
♣.≈.. ♣♣..≈.≈≈≈.......♣
♣♣♣
♣.........≈.♣≈.≈♣..≈♣
♣...........≈≈...≈≈≈.≈
♣≈.......)...†≈≈≈≈≈≈≈≈
♣≈..........♣ww≈≈≈≈≈≈≈
♣......♣.♣....≈..≈≈≈≈≈≈
≈.....♣.♣.....≈(....≈≈≈
.......♣........≈..≈≈≈≈
≈....♣(♣.......≈.≈≈≈≈≈
..............≈≈§
.........≈.......
...(.....≈..≈....


You could see a tyrant leech (confused), a swamp worm and a friendly spectral
war axe of electrocution.

Vanquished Creatures
  A hydra (Swamp:1)
  3 two-headed ogres
  A swamp dragon (Swamp:1)
  Pikel (D:6)
  The ghost of Pawles22 the Ducker, a novice MiMo (D:6)
  2 centaur skeletons
  A rime drake (Lair:1)
  A komodo dragon (Lair:2)
  A merfolk (D:10)
  A tyrant leech (Swamp:1)
  Grinder (D:3)
  A hippogriff (D:11)
  A shadow (D:11)
  13 yaks
  A wraith (D:11)
  2 basilisks (Lair:1)
  A hungry ghost (D:11)
  3 swamp worms (Swamp:1)
  2 water moccasins (Lair:1)
  A porcupine (Lair:2)
  A black bear (D:8)
  A swamp drake (Swamp:1)
  An orc warrior (D:10)
  A sky beast (D:8)
  2 ogres
  A phantom (D:11)
  A necrophage (D:11)
  A crocodile (Lair:2)
  An elf zombie (Ossuary)
  Blork the orc (D:6)
  2 big kobolds
  A bullfrog (D:10)
  4 scorpions
  3 killer bees (D:8)
  4 howler monkeys
  An electric eel (Lair:2)
  6 crimson imps
  A centaur zombie (Ossuary)
  3 hounds
  A jelly (D:9)
  An orc priest (D:11)
  A bullfrog skeleton (D:10)
  3 orc wizards
  3 iguanas
  4 worker ants
  2 mummies (Ossuary)
  A worker ant zombie (D:5)
  2 howler monkey skeletons
  14 adders
  4 gnolls
  A hound simulacrum (D:6)
  A shadow imp (D:7)
  3 adder zombies
  An adder skeleton (D:6)
  6 worms
  2 dart slugs
  23 orcs
  2 bats (D:3)
  4 giant cockroaches
  8 goblins
  4 hobgoblins
  10 jackals
  2 quokkas
  A ball python (D:1)
  A frilled lizard (D:4)
  13 hobgoblin zombies (Ossuary)
  15 kobolds
  3 kobold zombies (Ossuary)
  2 leopard gecko skeletons
  10 orc zombies (Ossuary)
  5 rats
  A rat zombie (Ossuary)
229 creatures vanquished.

Vanquished Creatures (others)
  A komodo dragon (Swamp:1)
  A slave (D:6)
  An orc warrior (D:6)
  A crimson imp (D:6)
  2 orcs (D:6)
  5 spectral weapons
11 creatures vanquished.

Grand Total: 240 creatures vanquished

Notes
Turn   | Place    | Note
-------+----------+-------------------------------------------
     0 | D:1      | iamserjio the Gnoll Skald began the quest for the Orb.
     0 | D:1      | Reached XP level 1. HP: 20/20 MP: 6/6
    44 | D:1      | Reached XP level 2. HP: 25/26 MP: 2/7
    50 | D:1      | Learned a level 2 spell: Shroud of Golubria
   154 | D:3      | Noticed a crimson imp
   167 | D:3      | Reached XP level 3. HP: 31/31 MP: 0/9
   171 | D:3      | Reached skill level 5 in Spellcasting
   223 | D:3      | Reached skill level 1 in Short Blades
   223 | D:3      | Reached skill level 1 in Long Blades
   223 | D:3      | Reached skill level 1 in Maces & Flails
   223 | D:3      | Reached skill level 1 in Polearms
   223 | D:3      | Reached skill level 1 in Staves
   223 | D:3      | Reached skill level 1 in Slings
   223 | D:3      | Reached skill level 1 in Bows
   223 | D:3      | Reached skill level 1 in Crossbows
   223 | D:3      | Reached skill level 1 in Throwing
   223 | D:3      | Reached skill level 1 in Stealth
   223 | D:3      | Reached skill level 1 in Shields
   223 | D:3      | Reached skill level 1 in Unarmed Combat
   223 | D:3      | Reached skill level 1 in Invocations
   223 | D:3      | Reached skill level 1 in Evocations
   223 | D:3      | Reached XP level 4. HP: 26/38 MP: 0/11
   278 | D:3      | Learned a level 3 spell: Regeneration
   281 | D:3      | Learned a level 2 spell: Song of Slaying
   285 | D:3      | Learned a level 3 spell: Spectral Weapon
   303 | D:4      | Found a sand-covered staircase.
   307 | D:4      | Reached skill level 1 in Conjurations
   307 | D:4      | Reached skill level 1 in Hexes
   307 | D:4      | Reached skill level 1 in Summonings
   307 | D:4      | Reached skill level 1 in Necromancy
   307 | D:4      | Reached skill level 1 in Translocations
   307 | D:4      | Reached skill level 1 in Transmutations
   307 | D:4      | Reached skill level 1 in Fire Magic
   307 | D:4      | Reached skill level 1 in Ice Magic
   307 | D:4      | Reached skill level 1 in Air Magic
   307 | D:4      | Reached skill level 1 in Earth Magic
   307 | D:4      | Reached skill level 1 in Poison Magic
   310 | Ossuary  | Entered an ossuary
   385 | Ossuary  | Reached XP level 5. HP: 27/43 MP: 1/12
   449 | Ossuary  | Reached XP level 6. HP: 11/50 MP: 1/13
   567 | D:4      | HP: 1/50 [gnoll/spear (6)]
   577 | D:4      | HP: 1/50 [gnoll (5)]
   586 | D:3      | Noticed Grinder
   610 | D:3      | Paralysed by Grinder for 2 turns
   613 | D:3      | Paralysed by Grinder for 2 turns
   624 | D:3      | Killed Grinder
   624 | D:3      | Reached skill level 5 in Fighting
   624 | D:3      | Reached skill level 5 in Axes
   624 | D:3      | Reached skill level 5 in Dodging
   624 | D:3      | Reached XP level 7. HP: 10/56 MP: 3/15
   995 | D:4      | Found an opulent altar of Gozag.
   995 | D:4      | Found a sparkling altar of Nemelex Xobeh.
  1048 | D:4      | Found a snail-covered altar of Cheibriados.
  1048 | D:4      | Found an iron altar of Okawaru.
  1052 | D:4      | Became a worshipper of Cheibriados the Contemplative
  1166 | D:5      | Entered Level 5 of the Dungeon
  1256 | D:5      | Found Zuimaak's Armour Emporium.
  1307 | D:5      | Reached XP level 8. HP: 59/63 MP: 13/16
  1327 | D:6      | Noticed Pikel
  1341 | D:6      | Killed Pikel
  1398 | D:6      | Found a runed gate.
  1398 | D:6      | Found a runed gate.
  1400 | D:6      | Found a runed gate.
  1404 | D:6      | Noticed Pawles22's ghost (novice MiMo)
  1431 | D:6      | Killed Pawles22's ghost
  1431 | D:6      | Reached XP level 9. HP: 15/69 MP: 12/18
  1489 | D:6      | Found a staircase to the Ecumenical Temple.
  1490 | D:6      | Noticed Blork the orc
  1499 | D:6      | Killed Blork the orc
  1515 | D:6      | Reached * piety under Cheibriados
  1609 | D:8      | Noticed a two-headed ogre
  1617 | D:8      | Killed a two-headed ogre
  1617 | D:8      | Reached skill level 5 in Armour
  1743 | D:8      | Noticed a two-headed ogre
  1765 | D:8      | Reached ** piety under Cheibriados
  1765 | D:8      | Reached skill level 5 in Invocations
  1904 | D:9      | Reached XP level 10. HP: 62/77 MP: 10/20
  1957 | D:8      | Noticed a two-headed ogre
  1968 | D:8      | Killed a two-headed ogre
  1968 | D:8      | Reached skill level 5 in Short Blades
  1968 | D:8      | Reached skill level 5 in Long Blades
  1968 | D:8      | Reached skill level 5 in Maces & Flails
  1968 | D:8      | Reached skill level 5 in Polearms
  1968 | D:8      | Reached skill level 5 in Staves
  1968 | D:8      | Reached skill level 5 in Slings
  1968 | D:8      | Reached skill level 5 in Bows
  1968 | D:8      | Reached skill level 5 in Crossbows
  1968 | D:8      | Reached skill level 5 in Throwing
  1968 | D:8      | Reached skill level 5 in Stealth
  1968 | D:8      | Reached skill level 5 in Shields
  1968 | D:8      | Reached skill level 5 in Unarmed Combat
  1968 | D:8      | Reached skill level 5 in Evocations
  2078 | D:10     | Entered Level 10 of the Dungeon
  2217 | D:11     | Reached *** piety under Cheibriados
  2235 | D:11     | Found a staircase to the Lair.
  2338 | D:11     | Noticed a two-headed ogre
  2349 | D:11     | Killed a two-headed ogre
  2349 | D:11     | Reached XP level 11. HP: 17/84 MP: 6/22
  2484 | D:10     | Reached **** piety under Cheibriados
  2632 | Lair:1   | Entered Level 1 of the Lair of Beasts
  2647 | Lair:1   | Reached skill level 5 in Conjurations
  2647 | Lair:1   | Reached skill level 5 in Hexes
  2647 | Lair:1   | Reached skill level 5 in Summonings
  2647 | Lair:1   | Reached skill level 5 in Necromancy
  2647 | Lair:1   | Reached skill level 5 in Translocations
  2647 | Lair:1   | Reached skill level 5 in Transmutations
  2647 | Lair:1   | Reached skill level 5 in Fire Magic
  2647 | Lair:1   | Reached skill level 5 in Ice Magic
  2647 | Lair:1   | Reached skill level 5 in Air Magic
  2647 | Lair:1   | Reached skill level 5 in Earth Magic
  2647 | Lair:1   | Reached skill level 5 in Poison Magic
  2841 | Lair:1   | Got a fine flail
  2874 | Lair:2   | Found a staircase to the Swamp.
  2927 | Lair:2   | Learned a level 3 spell: Confuse
  2955 | Lair:2   | Upgraded the game from 0.22-a0-533-g4d20840 to 0.22-a0-538-g76cc104
  2956 | Lair:2   | Identified the +2 flail of Atecil {pain, +Fly rC+} (You found it on level 1 of the Lair of Beasts)
  2971 | Lair:2   | Learned a level 3 spell: Gell's Gravitas
  2972 | Swamp:1  | Entered Level 1 of the Swamp
  2994 | Swamp:1  | Noticed a swamp dragon
  3007 | Swamp:1  | Killed a swamp dragon
  3107 | Swamp:1  | Noticed a four-headed hydra
  3116 | Swamp:1  | Killed a four-headed hydra
  3130 | Swamp:1  | HP: 1/86 [tyrant leech (13)]
  3134 | Swamp:1  | Slain by a swamp worm

Vault maps used:
D:1:      sevenhm_arrival_forest_fort_small_3
D:2:      led_sif_pool, minmay_goblin_outpost
D:3:      minmay_statues_item, uniq_grinder
D:4:      gammafunk_temple_overflow_wave, grunt_temple_overflow_opulence,
          first_ration, enter_ossuary_5, minmay_item_behind_shaft
D:5:      serial_shops, shop, nicolae_ru_awakened_eye
D:6:      temple_fountains, gammafunk_ghost_necromancy, uniq_crazy_yiuf_cottage,
          uniq_blork_the_orc, uniq_pikel
D:8:      grunt_temple_overflow_champion_of_chaos, kennysheep_mini
D:9:      kennysheep_windowed_halls
D:10:     special_room, hangedman_fish_farm, uniq_maurice, uniq_psyche
D:11:     lair_entry_dummy, basic_altar, uniq_erolcha
Lair:1:   uniq_nergalle
Lair:2:   swamp_mist_pool
Swamp:1:  nicolae_swamp_round_clearing, swamp_pool4
Ossuary:  ossuary_tomb_1

Skill      XL: |  1  2  3  4  5  6  7  8  9 10 11 |
---------------+----------------------------------+-----
Spellcasting   | 5 6 7 8 |  8.3
Short Blades   | 1 2 3 4 5 6 |  6.5
Long Blades    | 1 2 3 4 5 6 |  6.5
Maces & Flails | 1 2 3 4 5 6 |  6.5
Polearms       | 1 2 3 4 5 6 |  6.5
Staves         | 1 2 3 4 5 6 |  6.5
Slings         | 1 2 3 4 5 6 |  6.5
Bows           | 1 2 3 4 5 6 |  6.5
Crossbows      | 1 2 3 4 5 6 |  6.5
Throwing       | 1 2 3 4 5 6 |  6.5
Stealth        | 1 2 3 4 5 6 |  6.5
Shields        | 1 2 3 4 5 6 |  6.5
Unarmed Combat | 1 2 3 4 5 6 |  6.5
Invocations    | 1 2 3 4 5 6 7 |  7.1
Evocations     | 1 2 3 4 5 6 |  6.5
Conjurations   | 1 2 3 4 5 |  5.4
Hexes          | 1 2 3 4 5 |  5.4
Summonings     | 1 2 3 4 5 |  5.4
Necromancy     | 1 2 3 4 5 |  5.4
Translocations | 1 2 3 4 5 |  5.4
Transmutations | 1 2 3 4 5 |  5.4
Fire Magic     | 1 2 3 4 5 |  5.4
Ice Magic      | 1 2 3 4 5 |  5.4
Air Magic      | 1 2 3 4 5 |  5.4
Earth Magic    | 1 2 3 4 5 |  5.4
Poison Magic   | 1 2 3 4 5 |  5.4
Armour         | 3 4 5 6 7 |  7.0
Fighting       | 5 6 7 8 |  8.0
Axes           | 5 6 7 8 |  8.0
Dodging        | 5 6 7 8 |  8.0
Charms         | 6 7 |  7.8

Action                   |  1- 3 |  4- 6 |  7- 9 | 10-12 || total
-------------------------+-------+-------+-------+-------++-------
Melee: Hand axe          |    59 |   141 |   234 |   132 ||   566
       Bite              |     5 |    17 |    35 |    56 ||   113
       Punch             |       |     2 |     3 |    10 ||    15
       War axe           |       |       |       |   102 ||   102
       Flail             |       |       |       |     4 ||     4
 Cast: Infusion          |     4 |     2 |       |     1 ||     7
       Shroud of Golubri |     1 |     1 |     1 |     4 ||     7
       Regeneration      |       |     5 |    21 |    33 ||    59
       Song of Slaying   |       |     3 |     7 |    10 ||    20
       Spectral Weapon   |       |     1 |    27 |    32 ||    60
       Confuse           |       |       |       |     1 ||     1
Invok: Slouch            |       |       |       |     1 ||     1
Evoke: Wand              |       |     7 |     6 |     8 ||    21
  Use: Potion            |       |     1 |     1 |     3 ||     5
       Scroll            |       |       |    14 |     5 ||    19
 Stab: Distracted        |       |     1 |     4 |     3 ||     8
       Paralysed         |       |    32 |    15 |     5 ||    52
       Sleeping          |       |       |     2 |     1 ||     3
  Eat: Chunk             |       |       |     6 |     3 ||     9
       Ration            |       |       |       |     2 ||     2
Armor: Leather armour    |    24 |    28 |    29 |    18 ||    99
       Chain mail        |       |       |       |    28 ||    28
Dodge: Dodged            |    61 |   102 |   204 |   162 ||   529

Table legend:
 A = Spawn XP
 B = Non-spawn XP
 C = Spawn XP percentage of total XP
 D = Spawn monster count
 E = Non-spawn monster count
 F = Spawn count percentage of total count
 G = Total turns spent on level
                    A         B        C        D         E        F      G
               +---------+---------+-------+---------+---------+-------+---------
         Total |       0 |   16438 |   0.0 |       0 |     230 |   0.0 |  3134
               +---------+---------+-------+---------+---------+-------+---------
           D:1 |       0 |      13 |   0.0 |       0 |       8 |   0.0 |    71
           D:2 |       0 |      61 |   0.0 |       0 |      13 |   0.0 |   188
           D:3 |       0 |     391 |   0.0 |       0 |      25 |   0.0 |   327
           D:4 |       0 |     318 |   0.0 |       0 |      15 |   0.0 |   403
           D:5 |       0 |     215 |   0.0 |       0 |       9 |   0.0 |   159
           D:6 |       0 |    1632 |   0.0 |       0 |      17 |   0.0 |   227
           D:7 |       0 |      14 |   0.0 |       0 |       2 |   0.0 |    36
           D:8 |       0 |    2732 |   0.0 |       0 |      28 |   0.0 |   344
           D:9 |       0 |     738 |   0.0 |       0 |      11 |   0.0 |   148
          D:10 |       0 |    1538 |   0.0 |       0 |      17 |   0.0 |   167
          D:11 |       0 |    3404 |   0.0 |       0 |      31 |   0.0 |   385
        Lair:1 |       0 |    1857 |   0.0 |       0 |       9 |   0.0 |   166
        Lair:2 |       0 |     642 |   0.0 |       0 |       4 |   0.0 |   174
       Swamp:1 |       0 |    2667 |   0.0 |       0 |       8 |   0.0 |   162
       Ossuary |       0 |     216 |   0.0 |       0 |      33 |   0.0 |   177
               +---------+---------+-------+---------+---------+-------+---------
